 Dungeon Crawl Stone Soup version 0.16-a0-1029-gdfc7942 (webtiles) character file.

410 gorgonitescum the Gusty (level 6, 0/28 HPs)
             Began as a Vine Stalker Air Elementalist on Oct 4, 2014.
             Was an Initiate of Ru.
             Succumbed to a worker ant's poison
             ... on level 5 of the Dungeon.
             The game lasted 00:24:20 (4035 turns).

gorgonitescum the Gusty (VSAE)                      Turns: 4035, Time: 00:24:20

HP   0/28        AC  1     Str 11      XL: 6   Next: 89%
MP   4/14        EV 15     Int 17      God: Ru [......]
Gold 250         SH  0     Dex 14      Spells:  4 memorised,  3 levels left

rFire  . . .     SeeInvis .     a - +3 dagger {train throwing you faggot}
rCold  . . .     Clarity  .     d - +0 robe
rNeg   . . .     rCorr    .     (no shield)
rPois  .         rRot     +     (no helmet)
rElec  .         Spirit   +     (no cloak)
SustAb .         Warding  .     (no gloves)
rMut   .         Stasis   .     (no boots)
Gourm  .                        n - amulet of rage
MR     .....                    (no ring)
                                (no ring)

@: lethally poisoned, repel missiles, not resistant to hostile enchantments,
unstealthy
A: fangs 2, repulsion field 1, deformed body, regeneration 2, spit poison 1,
magic shield, antimagic bite, no device heal 3, rot immunity
a: Spit Poison, Renounce Religion, Evoke Berserk Rage


You were on level 5 of the Dungeon.
You worshipped Ru.
Ru was noncommittal.
You were not hungry.

You visited 2 branches of the dungeon, and saw 6 of its levels.

You collected 250 gold pieces.


Innate Abilities, Weirdness & Mutations

You have extremely sharp teeth.
You heal very quickly.
When hurt, damage is shared between your health and your magic reserves.
Your bite disrupts and absorbs the magic of your enemies.
Potions and wands cannot restore your health.
You are immune to rotting.
You are surrounded by a mild repulsion field (EV +2).
Armour fits poorly on your strangely shaped body.
You can spit poison.


   Skills:
 + Level 3.4 Dodging
 - Level 2.5 Stealth
 - Level 3.0 Spellcasting
 - Level 3.1 Conjurations
 - Level 5.1 Air Magic


You had 3 spell levels left.
You knew the following spells:

 Your Spells              Type           Power        Failure   Level  Hunger
a - Shock                 Conj/Air       ###.         3%          1    None
e - Repel Missiles        Chrm/Air       ##....       12%         2    ##.....
w - Swiftness             Chrm/Air       ##......     12%         2    ##.....
x - Static Discharge      Conj/Air       ###.....     12%         3    ###....

Inventory:

Hand weapons
 a - a +3 dagger (weapon) {train throwing you faggot}
 o - a +0 short sword
 w - a +1 flail of draining
 y - a +1 mace of draining
 A - a +1 falchion of freezing
Missiles
 e - 16 poisoned needles
 k - 22 stones
 l - 3 steel tomahawks
 s - a throwing net (quivered) {=f!d}
Armour
 d - a +0 robe (worn)
Magical devices
 x - a wand of lightning (5)
Comestibles
 c - 6 bread rations
Scrolls
 f - a scroll of blinking {unknown}
 i - 2 scrolls of amnesia {unknown}
 j - 2 scrolls of remove curse {unknown}
 p - 6 scrolls of identify {unknown}
 q - a scroll of enchant weapon {unknown}
 v - 4 scrolls of noise {unknown}
Jewellery
 n - an amulet of rage (around neck)
Potions
 h - a potion of restore abilities
 m - a potion of curing {unknown}
 r - a potion of might {unknown}
 t - a potion of beneficial mutation {unknown}
 u - a potion of heal wounds
 z - a potion of agility
Books
 b - a book of Air

   Spells                             Type                      Level
   *Shock                             Conjuration/Air              1
   *Swiftness                         Charms/Air                   2
   *Repel Missiles                    Charms/Air                   2
   Flight                             Charms/Air                   3
   *Static Discharge                  Conjuration/Air              3
   Lightning Bolt                     Conjuration/Air              5
 B - a book of Air

   Spells                             Type                      Level
   *Shock                             Conjuration/Air              1
   *Swiftness                         Charms/Air                   2
   *Repel Missiles                    Charms/Air                   2
   Flight                             Charms/Air                   3
   *Static Discharge                  Conjuration/Air              3
   Lightning Bolt                     Conjuration/Air              5

Dungeon Overview and Level Annotations

Branches:
Dungeon (5/15)             Temple (1/1) D:4

Altars:
Ashenzari
Dithmenos
Elyvilon
Fedhas
Gozag
Kikubaaqudgha
Makhleb
Nemelex Xobeh
Okawaru
Qazlal
Ru
Sif Muna
Trog
Vehumet
Xom
Yredelemnul
Zin
The Shining One

..# #### #..# ##<..
. #..# ##..# ...
#..##...## #....
#.......###.....
##..............
####...###....<...(.
#.....## ##.........
##...@# ##..........
##...a###...##.....
#..##....<.## ....
#.#####....## #..
#.# #...## #(.
#....# #.. #.......
#.. #........# ..
..###...##


You could see a worker ant.


Message History

Throwing (i - inventory. (,) - cycle):
s - 3 throwing nets (quivered)
{=f!d}
Aim: a worker ant (moderately wounded)
You throw a throwing net {=f!d}.
The throwing net {=f!d} closely misses the worker ant.
You feel sick. The worker ant bites you.
* * * LOW HITPOINT WARNING * * *
You are lethally poisoned!
The worker ant poisons you!
Drink which item? (? for menu, Esc to quit)
You feel refreshed.
It was a potion of restore abilities.
* * * LOW HITPOINT WARNING * * *
You feel sick. The worker ant closely misses you.
Drink which item? (? for menu, Esc to quit)
That seemed strangely inert.
It was a potion of heal wounds.
* * * LOW HITPOINT WARNING * * *
You feel sick.
The worker ant bites you but does no damage.
Drink which item? (? for menu, Esc to quit)
You feel extremely strange.
There is a nasty taste in your mouth for a moment.
You begin to radiate repulsive energy.
Your body twists and deforms.
It was a potion of mutation.
* * * LOW HITPOINT WARNING * * *
You feel sick. The worker ant closely misses you.
There are no items here.
Throwing (i - inventory. (,) - cycle):
s - 2 throwing nets (quivered)
{=f!d}
Aim: a worker ant (moderately wounded)
You throw a throwing net {=f!d}.
The throwing net {=f!d} closely misses the worker ant.
You die...

Action                   |  1- 3 |  4- 6 || total
-------------------------+-------+-------++-------
Melee: Short sword       |    28 |       ||    28
       Unarmed           |     2 |       ||     2
       Dagger            |    20 |   145 ||   165
Throw: Throwing net      |       |     2 ||     2
 Cast: Shock             |    28 |    34 ||    62
       Static Discharge  |       |    13 ||    13
       Repel Missiles    |       |     2 ||     2
Evoke: Wand              |       |     2 ||     2
  Use: Potion            |       |     3 ||     3
 Stab: Sleeping          |     3 |     3 ||     6
  Eat: Fruit             |     4 |       ||     4
       Beef jerky        |       |     3 ||     3
       Pizza             |       |     1 ||     1
       Chunk             |       |     1 ||     1
       Bread ration      |       |     1 ||     1

Vault maps used:
D:1:      minmay_arrival_five_plusses
D:4:      minmay_temple_entry_glassed_door, first_bread
Temple:   grunt_circular_temple_18

Notes
Turn   | Place    | Note
--------------------------------------------------------------
     0 | D:1      | gorgonitescum, the Vine Stalker Air Elementalist, began the quest for the Orb.
     0 | D:1      | Reached XP level 1. HP: 9/9 MP: 3/3
   174 | D:1      | Reached XP level 2. HP: 2/13 MP: 0/5
   255 | D:1      | bbbloody screen
   255 | D:1      | reel
   269 | D:1      | Reached skill level 2 in Conjurations
   622 | D:1      | Reached XP level 3. HP: 16/16 MP: 7/7
   883 | D:2      | Reached skill level 3 in Conjurations
  1134 | D:2      | Learned a level 3 spell: Static Discharge
  1137 | D:2      | Learned a level 2 spell: Swiftness
  1270 | D:2      | Reached XP level 4. HP: 21/21 MP: 9/9
  1301 | D:2      | Reached skill level 3 in Spellcasting
  1877 | D:3      | Learned a level 2 spell: Repel Missiles
  2008 | D:3      | Reached skill level 4 in Air Magic
  2008 | D:3      | Reached XP level 5. HP: 13/24 MP: 1/13
  2156 | D:3      | Reached skill level 5 in Air Magic
  2208 | D:3      | Gained mutation: You heal very quickly. [vine stalker growth]
  2208 | D:3      | Reached XP level 6. HP: 28/28 MP: 11/14
  2763 | D:3      | Reached skill level 2 in Dodging
  3244 | D:4      | Reached skill level 3 in Dodging
  3380 | D:4      | Found a staircase to the Ecumenical Temple.
  3388 | Temple   | Entered the Ecumenical Temple
  3432 | Temple   | Became a worshipper of Ru the Awakened
  3978 | D:5      | Entered Level 5 of the Dungeon
  4031 | D:5      | HP: 2/28 [worker ant (3)]
  4034 | D:5      | Gained mutation: You can spit poison. [potion of mutation]
  4034 | D:5      | Gained mutation: You are surrounded by a mild repulsion field (EV +2). [potion of mutation]
  4034 | D:5      | Gained mutation: Armour fits poorly on your strangely shaped body. [potion of mutation]
  4035 | D:5      | Succumbed to a worker ant's poison

Vanquished Creatures
  An ogre (D:4)
  A scorpion (D:3)
  A hound (D:4)
  3 orc wizards (D:3)
  5 adders
  A giant mite (D:1)
  3 worms
  A giant gecko (D:3)
  13 orcs
  A ball python (D:3)
  4 giant cockroaches
  9 hobgoblins
  12 bats
  4 giant newts
  A giant newt skeleton (D:4)
  5 goblins
  9 jackals
  9 kobolds
  A kobold skeleton (D:4)
  3 rats
87 creatures vanquished.
